Map: Odyssee LE

Players

whiteAlien - Winner!

  • Race: Protoss Protoss
  • Spawn Location: 11:00

Panda

  • Race: Zerg Zerg
  • League: Platinum
  • Spawn Location: 5:00

VOD

Have the link to the VOD?

Description

Time

  • Played on: Aug. 30, 2017, 4:54 p.m.
  • Length: 6:05
Show
View Real Time Build Order
Export as new Build Order

whiteAlien Protoss - Winner!

Build Orders:  

Get SALT Encoding   

  12  0:01  Probe (Chrono Boost)  
  13  0:12  Probe (Chrono Boost)  
  14  0:20  Pylon  
  14  0:22  Probe (Chrono Boost)  
  15  0:38  Probe (Chrono Boost)  
  15  0:39  Gateway  
  16  0:46  Assimilator  
  16  0:48  Probe (Chrono Boost)  
  17  1:00  Probe (Chrono Boost)  
  18  1:11  Probe (Chrono Boost)  
  19  1:15  Pylon  
  19  1:21  Probe (Chrono Boost)  
  19  1:24  Assimilator  
  20  1:27  Cybernetics Core  
  20  1:29  Zealot  
  20  1:32  Probe (Chrono Boost)  
  23  1:47  Probe (Chrono Boost)  
  24  1:57  Probe (Chrono Boost)  
  25  2:04  Warp Gate (Chrono Boost)  
  25  2:06  Stalker  
  25  2:08  Probe  
  28  2:20  Pylon  
  29  2:26  Mothership Core  
  30  2:35  Nexus  
  30  2:40  Adept  
  32  2:54  Gateway  
  32  3:02  Gateway  
  32  3:08  Adept  
  34  3:13  Probe  
  35  3:25  Probe  
  36  3:36  Pylon  
  36  3:37  Probe  
  36  3:39  Pylon  
  37  3:49  Probe (Chrono Boost)  
  37  3:52  Probe (Chrono Boost)  
  39  3:56  Adept x2  
  39  3:57  Adept  
  39  4:01  Probe (Chrono Boost)  
  46  4:03  Probe (Chrono Boost)  
  47  4:11  Probe (Chrono Boost)  
  47  4:12  Gateway  
  47  4:13  Probe (Chrono Boost)  
  49  4:20  Sentry x3  
  49  4:22  Probe (Chrono Boost)  
  54  4:35  Gateway  
  54  4:37  Gateway  
  54  4:49  Stalker  
  54  4:54  Stalker  
  54  4:55  Stalker  
  54  5:04  Adept  
  40  5:22  Adept  
  40  5:23  Adept x2  
  40  5:25  Pylon  
  46  5:30  Adept  
  48  5:40  Adept x2  
  48  5:43  Pylon  
  46  6:00  Adept x3  
  46  6:01  Adept x2  
Show
View Real Time Build Order
Export as new Build Order

Panda Zerg 

Build Orders: Pool First 

Get SALT Encoding   

  12  0:01  Drone  
  13  0:12  Drone  
  14  0:16  Overlord  
  14  0:35  Drone x3  
  17  0:50  Extractor  
  17  0:55  Spawning Pool  
  17  0:56  Drone  
  16  0:57  Drone  
  17  1:16  Hatchery  
  16  1:27  Drone x2  
  16  1:29  Drone  
  19  1:41  Overlord  
  19  1:46  Queen  
  21  1:55  Metabolic Boost  
  21  2:05  Roach Warren  
  20  2:10  Overlord  
  20  2:15  Overlord  
  20  2:20  Zergling x2  
  21  2:44  Roach  
  21  2:45  Roach x4  
  21  2:50  Roach  
  33  2:56  Roach  
  35  3:04  Roach  
  36  3:22  Roach, Overlord  
  36  3:23  Drone x3  
  41  3:37  Roach, Zergling x2  
  41  3:40  Overlord  
  44  3:52  Ravager  
  45  4:02  Zergling x8  
  49  4:03  Zergling x2  
  50  4:30  Ravager  
  49  4:31  Zergling x2  
  49  4:32  Zergling x12  
  41  5:09  Zergling x14  
  40  5:26  Ravager  
Tags
 
League
Platinum
Matchup
PvZ
Opening
Pool First
Replay Pack
replays1
Spawn Locations
Cross Positions
Add a new tag
Caveats
  • Supply blocks, unpowered buildings, or Contaminate may cause inaccurate times.
  • Supply counts are checked every 10 seconds.